 Dungeon Crawl Stone Soup version 0.23.2-40-g277498a001 (webtiles) character file.

Game seed: 5917717031794584795

16671 FishyPogo the Martial Artist (level 12, 0/91 HPs)
             Began as a Gnoll Transmuter on Aug 17, 2019.
             Was a High Priest of Dithmenos.
             Slain by an orc knight
             ... wielding a +0 war axe
              (10 damage)
             ... on level 2 of the Orcish Mines.
             The game lasted 01:27:59 (16184 turns).

FishyPogo the Martial Artist (Gnoll Transmuter)    Turns: 16184, Time: 01:27:59

Health: 0/91       AC:  2    Str: 13    XL:     12   Next: 40%
Magic:  24/24      EV: 30    Int: 18    God:    Dithmenos [*****.]
Gold:   1081       SH:  0    Dex: 23    Spells: 11/28 levels left

rFire    . . .     SeeInvis .     - Unarmed
rCold    . . .     Gourm    .   (shield currently unavailable)
rNeg     . . .     Faith    +   (armour currently unavailable)
rPois    x         Spirit   .   (helmet currently unavailable)
rElec    .         Reflect  .   (cloak currently unavailable)
rCorr    .         Harm     .   (gloves currently unavailable)
MR       +....                  (boots currently unavailable)
Stlth    ++++++++..             y - amulet of faith
HPRegen  0.25/turn              N - ring of stealth
MPRegen  0.19/turn              z - ring of protection from magic

@: about to teleport, spider-form (expiring), wreathed by umbra
A: tiny, distributed training, strong nose
a: End Transformation, Shadow Step, Shadow Form, Renounce Religion


You were on level 2 of the Orcish Mines.
You worshipped Dithmenos.
Dithmenos was extremely pleased with you.
You were not hungry.
You were a venomous arachnid creature.
You visited 3 branches of the dungeon, and saw 14 of its levels.

You collected 1525 gold pieces.
You spent 444 gold pieces at shops.

Inventory:

Hand Weapons
 a - a +2 scimitar of flaming
 R - a +3 trident
Missiles
 e - 250 arrows
 i - 351 stones (quivered)
 p - a throwing net
 r - 11 tomahawks
 B - 2 silver tomahawks
 O - 2 tomahawks of returning
 S - 2 steel tomahawks
Armour
 M - a +2 leather armour of magic resistance (melded)
 P - a +0 shield (melded)
Magical Staves
 b - an uncursed staff of wizardry (melded)
Jewellery
 k - a +2 ring of strength
 s - an uncursed ring of flight
 v - an uncursed ring of ice
 y - an amulet of faith (around neck)
 z - a ring of protection from magic (right front leg)
 N - a ring of stealth (left front leg)
Wands
 w - a wand of polymorph (8)
 I - a wand of iceblast (7)
 J - a wand of flame (13)
 L - a wand of disintegration (22)
Scrolls
 g - 2 scrolls of fear
 l - 2 scrolls of remove curse
 n - 8 scrolls of teleportation
 o - a scroll of immolation
 q - 2 scrolls of identify
 u - a scroll of enchant weapon
 C - 2 scrolls of amnesia
 D - a scroll of magic mapping {unknown}
Potions
 f - 2 potions of agility {unknown}
 h - a potion of ambrosia
 m - 5 potions of curing
 t - a potion of cancellation
 x - a potion of might {unknown}
 A - 3 potions of invisibility
 E - a potion of lignification {unknown}
 F - a potion of resistance {unknown}
 H - 3 potions of mutation
 K - a potion of brilliance {unknown}
 Q - 2 potions of magic
Comestibles
 c - 16 chunks of flesh
 d - 23 rations


   Skills:
 + Level 7.6 Fighting
 + Level 7.1 Short Blades
 + Level 7.1 Long Blades
 + Level 7.1 Axes
 + Level 7.1 Maces & Flails
 + Level 7.1 Polearms
 + Level 7.1 Staves
 + Level 7.1 Slings
 + Level 7.1 Bows
 + Level 7.1 Crossbows
 + Level 7.1 Throwing
 + Level 7.1 Armour
 + Level 8.5 Dodging
 + Level 7.1 Stealth
 + Level 7.1 Shields
 + Level 9.7 Unarmed Combat
 + Level 8.8 Spellcasting
 + Level 5.9 Conjurations
 + Level 5.9 Hexes
 + Level 5.9 Charms
 + Level 5.9 Summonings
 + Level 5.9 Necromancy
 + Level 5.9 Translocations
 + Level 7.1 Transmutations
 + Level 5.9 Fire Magic
 + Level 5.9 Ice Magic
 + Level 5.9 Air Magic
 + Level 5.9 Earth Magic
 + Level 5.9 Poison Magic
 + Level 7.8 Invocations
 + Level 7.1 Evocations


You had 11 spell levels left.
You knew the following spells:

 Your Spells              Type           Power        Failure   Level  Hunger
b - Beastly Appendage     Tmut           ####..       3%          1    None
d - Call Canine Familiar  Summ           ####....     9%          3    None
e - Spider Form           Tmut/Pois      ####......   8%          3    None
f - Ice Form              Ice/Tmut       ####....     17%         4    ###....
h - Sticks to Snakes      Tmut           ####....     4%          2    None
j - Summon Lightning Spi  Summ/Air       ####....     21%         4    ###....

Your spell library contained the following spells:

 Spells                   Type           Power        Failure   Level  Hunger
 Summon Small Mammal      Summ           ####         4%          1    None
 Call Imp                 Summ           ####....     6%          2    None
 Summon Guardian Golem    Hex/Summ       ####....     9%          3    None
 Summon Ice Beast         Ice/Summ       ####....     21%         4    ###....
 Blade Hands              Tmut           ####......   30%         5    #####..


Dungeon Overview and Level Annotations

Branches:
Dungeon (11/15)            Temple (0/1) D:6            Lair (1/6) D:10
    Orc (2/2) D:11
    Elf: Orc:2

Altars:
Cheibriados
Dithmenos
Elyvilon
Fedhas
Kikubaaqudgha
Makhleb
Okawaru
Qazlal
Ru
Sif Muna
Uskayaw
Vehumet
Yredelemnul
Zin
The Shining One

Shops:
D:4 !   D:8 !   D:9 ?   D:10 :[=   Orc:1 ((%(:

Annotations:
D:8 Joseph


Innate Abilities, Weirdness & Mutations

Your experience applies equally to all skills.
((You have very sharp teeth.))
Your uncanny sense of smell can sniff out nearby items.


Message History

The orc knight is lightly wounded.
Your shadow barely misses the orc knight.
The orc knight hits you with a +0 war axe!!
You hit the orc knight.
The orc knight looks as sick as possible!
The orc knight is lightly wounded.
The orc knight completely misses you.
You hit the orc knight.
The orc knight looks as sick as possible!
The orc knight is lightly wounded.
Your shadow closely misses the orc knight.
Some of the chunks of flesh in your inventory have rotted away.
You closely miss the orc knight.
The orc knight is lightly wounded.
The orc knight hits you with a +0 war axe!!
* * * LOW HITPOINT WARNING * * *
As you read the scroll of teleportation, it crumbles to dust.
You feel strangely unstable. The orc warrior barely misses you.
The orc knight hits you with a +0 war axe!
You die...

... ... .. #o# #.. #.......## ..
#o# #.. .........# .. ..# #.# #.#
#.....#.## .# #.###.###.#
#........# .# #.. ... ..#
#.......#. .# #.# #)# #.#
#......... .# #.# #.# #s#
#.........
.#######.###.###o#######........#
.................o)........รท....#
..[............(..(...o..........
##.#.....#######..(#.............
#......###.#####).##..........)..
##.....#.....##...#..............
..............##.##..............
#..............###...............


You could see an orc knight and an orc warrior.

Vanquished Creatures
  Erica (D:10)
  A two-headed ogre (D:9)
  An unseen horror (D:11)
  5 orc knights
  An orc sorcerer (Orc:2)
  Maurice (D:11)
  A kobold demonologist (D:11)
  6 trolls
  4 hippogriffs
  9 yaks
  A shadow (D:11)
  3 wargs
  2 water moccasins
  3 porcupines (D:10)
  2 ice beasts
  An eye of draining (D:11)
  2 necrophages (D:7)
  3 sky beasts
  4 ogres
  18 orc warriors
  5 centaurs
  A phantom (D:9)
  A wolf (D:11)
  4 big kobolds
  2 crocodiles (D:10)
  3 bullfrogs
  An elf zombie (D:7)
  An elf skeleton (D:7)
  2 scorpions
  7 wights
  7 howler monkeys
  A troll skeleton (D:7)
  A centaur zombie (D:6)
  4 crimson imps
  4 human zombies (D:7)
  2 jellies
  3 bullfrog skeletons
  4 hounds
  8 orc priests
  3 centaur skeletons
  Jessica (D:3)
  6 iguanas
  18 orc wizards
  6 worker ants
  2 human skeletons (D:7)
  A hound skeleton (D:7)
  3 gnolls (D:10)
  4 worker ant zombies
  13 adders
  2 shadow imps (D:10)
  2 oozes
  2 adder skeletons
  2 worms
  3 dart slugs
  2 leopard geckos (D:2)
  80 orcs
  4 bats
  7 giant cockroaches
  2 hobgoblins
  14 jackals
  9 kobolds
  5 quokkas
  A ball python (D:2)
  3 frilled lizards
  A giant cockroach zombie (D:5)
  5 goblins
  A leopard gecko skeleton (D:4)
  A quokka zombie (D:5)
  4 rats
337 creatures vanquished.

Vanquished Creatures (collateral kills)
  A centaur skeleton (D:11)
  A vampire (D:11)
  Grum (D:11)
  2 wargs
  An orc warrior (Orc:2)
  A wolf (D:11)
  2 scorpions (D:11)
  A wight (D:11)
  A howler monkey (D:11)
  An orc priest (D:11)
  A worker ant (D:7)
  A howler monkey skeleton (D:11)
  4 orcs
18 creatures vanquished.

Vanquished Creatures (others)
  14 fungi (D:10)
  5 plants (D:10)
19 creatures vanquished.

Grand Total: 374 creatures vanquished

Notes
Turn   | Place    | Note
-------+----------+-------------------------------------------
     0 | D:1      | FishyPogo the Gnoll Transmuter began the quest for the Orb.
     0 | D:1      | Reached XP level 1. HP: 17/17 MP: 6/6
    80 | D:1      | Reached XP level 2. HP: 14/23 MP: 5/7
  1168 | D:2      | Reached XP level 3. HP: 28/28 MP: 7/9
  1196 | D:2      | Reached skill level 5 in Spellcasting
  1202 | D:2      | Learned a level 3 spell: Spider Form
  1212 | D:2      | Reached skill level 1 in Short Blades
  1212 | D:2      | Reached skill level 1 in Long Blades
  1212 | D:2      | Reached skill level 1 in Axes
  1212 | D:2      | Reached skill level 1 in Maces & Flails
  1212 | D:2      | Reached skill level 1 in Polearms
  1212 | D:2      | Reached skill level 1 in Staves
  1212 | D:2      | Reached skill level 1 in Slings
  1212 | D:2      | Reached skill level 1 in Bows
  1212 | D:2      | Reached skill level 1 in Crossbows
  1212 | D:2      | Reached skill level 1 in Throwing
  1212 | D:2      | Reached skill level 1 in Armour
  1212 | D:2      | Reached skill level 1 in Stealth
  1212 | D:2      | Reached skill level 1 in Shields
  1212 | D:2      | Reached skill level 1 in Invocations
  1212 | D:2      | Reached skill level 1 in Evocations
  1283 | D:2      | Reached XP level 4. HP: 29/34 MP: 7/11
  1336 | D:2      | Found a sacrificial altar of Ru.
  1348 | D:2      | Reached skill level 1 in Conjurations
  1348 | D:2      | Reached skill level 1 in Hexes
  1348 | D:2      | Reached skill level 1 in Charms
  1348 | D:2      | Reached skill level 1 in Summonings
  1348 | D:2      | Reached skill level 1 in Necromancy
  1348 | D:2      | Reached skill level 1 in Translocations
  1348 | D:2      | Reached skill level 1 in Fire Magic
  1348 | D:2      | Reached skill level 1 in Ice Magic
  1348 | D:2      | Reached skill level 1 in Air Magic
  1348 | D:2      | Reached skill level 1 in Earth Magic
  1348 | D:2      | Reached skill level 1 in Poison Magic
  1439 | D:2      | Reached XP level 5. HP: 33/40 MP: 12/12
  1458 | D:2      | Found a white marble altar of Elyvilon.
  2117 | D:3      | Reached XP level 6. HP: 38/47 MP: 13/13
  2455 | D:3      | Noticed Jessica
  2527 | D:3      | Killed Jessica
  2527 | D:3      | Reached skill level 5 in Dodging
  3517 | D:4      | Found a blossoming altar of Fedhas.
  3524 | D:4      | Found Bauryga's Distillery.
  4058 | D:4      | Reached XP level 7. HP: 46/52 MP: 15/15
  4162 | D:5      | Entered Level 5 of the Dungeon
  4244 | D:5      | Found a shadowy altar of Dithmenos.
  4255 | D:5      | Became a worshipper of Dithmenos the Shadowed
  4348 | D:5      | Reached skill level 7 in Unarmed Combat
  5625 | D:6      | Reached XP level 8. HP: 39/60 MP: 9/16
  5627 | D:6      | Reached * piety under Dithmenos
  6026 | D:6      | Found a staircase to the Ecumenical Temple.
  6444 | D:7      | Found a basalt altar of Yredelemnul.
  6445 | D:7      | Found a burning altar of Makhleb.
  6445 | D:7      | Found a glowing golden altar of the Shining One.
  6448 | D:7      | Found an iron altar of Okawaru.
  6969 | D:6      | Found a staircase to the Ecumenical Temple.
  7333 | D:7      | Learned a level 2 spell: Sticks to Snakes
  7433 | D:7      | Noticed an angel
  7434 | D:7      | Found a glowing silver altar of Zin.
  7470 | D:7      | Noticed a +0 hand axe
  7471 | D:7      | Found a hide-covered altar of Uskayaw.
  7471 | D:7      | Noticed a +0 dagger
  7512 | D:7      | Reached ** piety under Dithmenos
  7600 | D:7      | Learned a level 4 spell: Ice Form
  7630 | D:7      | Reached XP level 9. HP: 47/66 MP: 18/18
  7637 | D:7      | Reached skill level 5 in Transmutations
  7668 | D:7      | Found an ancient bone altar of Kikubaaqudgha.
  8166 | D:8      | Noticed Joseph
  8267 | D:8      | Found Cupep's Distillery.
  8338 | D:8      | Reached skill level 5 in Fighting
  8685 | D:8      | Reached skill level 8 in Unarmed Combat
  9006 | D:9      | Reached *** piety under Dithmenos
  9071 | D:9      | Noticed a two-headed ogre
  9086 | D:9      | Killed a two-headed ogre
  9086 | D:9      | Reached skill level 5 in Invocations
  9086 | D:9      | Reached XP level 10. HP: 50/73 MP: 15/20
  9105 | D:9      | Found an iron altar of Okawaru.
  9230 | D:9      | Reached skill level 5 in Short Blades
  9230 | D:9      | Reached skill level 5 in Long Blades
  9230 | D:9      | Reached skill level 5 in Axes
  9230 | D:9      | Reached skill level 5 in Maces & Flails
  9230 | D:9      | Reached skill level 5 in Polearms
  9230 | D:9      | Reached skill level 5 in Staves
  9230 | D:9      | Reached skill level 5 in Slings
  9230 | D:9      | Reached skill level 5 in Bows
  9230 | D:9      | Reached skill level 5 in Crossbows
  9230 | D:9      | Reached skill level 5 in Throwing
  9230 | D:9      | Reached skill level 5 in Armour
  9230 | D:9      | Reached skill level 5 in Stealth
  9230 | D:9      | Reached skill level 5 in Shields
  9230 | D:9      | Reached skill level 5 in Evocations
  9838 | D:9      | Found a stormy altar of Qazlal.
 10159 | D:9      | Found a snail-covered altar of Cheibriados.
 10243 | D:9      | Reached **** piety under Dithmenos
 10303 | D:9      | Found Xulesuitt's Magic Scroll Shop.
 10311 | D:9      | Bought a scroll of identify for 24 gold pieces
 10467 | D:10     | Entered Level 10 of the Dungeon
 10467 | D:10     | Found Poug's Jewellery Shop.
 10513 | D:10     | Found Reqiar's Book Shoppe.
 10716 | D:10     | Found a staircase to the Lair.
 10984 | D:10     | Found a deep blue altar of Sif Muna.
 11011 | D:10     | Found Dooromn's Antique Armour Emporium.
 11302 | D:10     | Reached XP level 11. HP: 81/81 MP: 22/22
 11577 | D:11     | Noticed Erica
 11600 | D:11     | Noticed Grum
 11705 | D:10     | Bought a book of Callings for 420 gold pieces
 11710 | D:10     | Learned a level 4 spell: Summon Lightning Spire
 11714 | D:10     | Learned a level 3 spell: Call Canine Familiar
 11772 | D:11     | Killed Grum
 11882 | D:11     | Killed an unseen horror
 12024 | D:11     | Reached skill level 9 in Unarmed Combat
 12157 | D:11     | Reached skill level 5 in Conjurations
 12157 | D:11     | Reached skill level 5 in Hexes
 12157 | D:11     | Reached skill level 5 in Charms
 12157 | D:11     | Reached skill level 5 in Summonings
 12157 | D:11     | Reached skill level 5 in Necromancy
 12157 | D:11     | Reached skill level 5 in Translocations
 12157 | D:11     | Reached skill level 5 in Fire Magic
 12157 | D:11     | Reached skill level 5 in Ice Magic
 12157 | D:11     | Reached skill level 5 in Air Magic
 12157 | D:11     | Reached skill level 5 in Earth Magic
 12157 | D:11     | Reached skill level 5 in Poison Magic
 12165 | D:11     | Found a staircase to the Orcish Mines.
 12220 | D:11     | Reached ***** piety under Dithmenos
 12377 | D:11     | Noticed Maurice
 12501 | D:11     | Killed Maurice
 12648 | D:10     | Killed Erica
 13208 | Lair:1   | Entered Level 1 of the Lair of Beasts
 13210 | Lair:1   | Noticed a four-headed hydra
 13264 | Lair:1   | HP: 1/84 [four-headed hydra (15)]
 13615 | Orc:1    | Entered Level 1 of the Orcish Mines
 13615 | Orc:1    | Noticed an orc knight
 13627 | Orc:1    | Noticed an orc knight
 13668 | D:11     | Killed an orc knight
 13953 | D:11     | Killed an orc knight
 14239 | Orc:1    | Found Timpev's Food Emporium.
 14302 | Orc:1    | Found Ynigebes's Book Shop.
 14311 | Orc:1    | Found Laur's Weapon Shoppe.
 14494 | Orc:2    | Entered Level 2 of the Orcish Mines
 14730 | Orc:1    | Found Loruem's Weapon Shop.
 14745 | Orc:1    | Reached XP level 12. HP: 87/91 MP: 21/24
 15591 | Orc:2    | Found a radiant altar of Vehumet.
 15751 | Orc:1    | Found Qummamn's Weapon Emporium.
 16184 | Orc:2    | Slain by an orc knight

Skill      XL: |  1  2  3  4  5  6  7  8  9 10 11 12 |
---------------+-------------------------------------+-----
Spellcasting   | 5 6 7 8 |  8.8
Short Blades   | 1 2 3 4 5 6 7 |  7.1
Long Blades    | 1 2 3 4 5 6 7 |  7.1
Axes           | 1 2 3 4 5 6 7 |  7.1
Maces & Flails | 1 2 3 4 5 6 7 |  7.1
Polearms       | 1 2 3 4 5 6 7 |  7.1
Staves         | 1 2 3 4 5 6 7 |  7.1
Slings         | 1 2 3 4 5 6 7 |  7.1
Bows           | 1 2 3 4 5 6 7 |  7.1
Crossbows      | 1 2 3 4 5 6 7 |  7.1
Throwing       | 1 2 3 4 5 6 7 |  7.1
Armour         | 1 2 3 4 5 6 7 |  7.1
Stealth        | 1 2 3 4 5 6 7 |  7.1
Shields        | 1 2 3 4 5 6 7 |  7.1
Invocations    | 1 2 3 4 5 6 7 |  7.8
Evocations     | 1 2 3 4 5 6 7 |  7.1
Conjurations   | 1 2 3 4 5 |  5.9
Hexes          | 1 2 3 4 5 |  5.9
Charms         | 1 2 3 4 5 |  5.9
Summonings     | 1 2 3 4 5 |  5.9
Necromancy     | 1 2 3 4 5 |  5.9
Translocations | 1 2 3 4 5 |  5.9
Fire Magic     | 1 2 3 4 5 |  5.9
Ice Magic      | 1 2 3 4 5 |  5.9
Air Magic      | 1 2 3 4 5 |  5.9
Earth Magic    | 1 2 3 4 5 |  5.9
Poison Magic   | 1 2 3 4 5 |  5.9
Fighting       | 3 4 5 6 7 |  7.6
Transmutations | 4 5 6 7 |  7.1
Dodging        | 5 6 7 8 |  8.5
Unarmed Combat | 7 8 9 |  9.7

Action                   |  1- 3 |  4- 6 |  7- 9 | 10-12 || total
-------------------------+-------+-------+-------+-------++-------
Melee: Unarmed           |    13 |    62 |   197 |   585 ||   857
       Whip              |    47 |    30 |       |       ||    77
       Kick              |    11 |     1 |     3 |     1 ||    16
       Bite              |     9 |     8 |    47 |    20 ||    84
       Headbutt          |       |     5 |     5 |       ||    10
       Dagger            |       |    36 |   245 |    83 ||   364
       Punch             |       |     1 |     7 |     4 ||    12
       Hand axe          |       |       |    18 |    14 ||    32
       Scimitar          |       |       |       |    19 ||    19
       Staff             |       |       |       |     6 ||     6
 Fire: Shortbow          |       |       |     1 |     5 ||     6
Throw: Stone             |       |    15 |     2 |     2 ||    19
 Cast: Beastly Appendage |    10 |     9 |     4 |     1 ||    24
       Spider Form       |     1 |    10 |    22 |    56 ||    89
       Sticks to Snakes  |       |       |     6 |     3 ||     9
       Ice Form          |       |       |     3 |     4 ||     7
       Summon Lightning  |       |       |       |    14 ||    14
       Call Canine Famil |       |       |       |     5 ||     5
Invok: Shadow Step       |       |       |       |     2 ||     2
 Abil: End Transformatio |       |     2 |     1 |    11 ||    14
  Use: Scroll            |       |     2 |     8 |     7 ||    17
       Potion            |       |       |     1 |     5 ||     6
 Stab: Sleeping          |     1 |     8 |    17 |    12 ||    38
       Distracted        |     1 |       |       |     4 ||     5
       Paralysed         |       |     1 |       |       ||     1
  Eat: Chunk             |     1 |     9 |    15 |    23 ||    48
       Ration            |       |       |     1 |     1 ||     2
Armor: Robe              |     6 |     6 |    15 |       ||    27
       Skin              |       |     3 |     5 |     6 ||    14
       Leather armour    |       |       |       |    16 ||    16
Dodge: Dodged            |    42 |    76 |   319 |   719 ||  1156
Block: Shield            |       |       |       |    20 ||    20
       Rpst.: Scimitar   |       |       |       |     4 ||     4
